 Dungeon Crawl Stone Soup version 0.20.1-1-g8b1a95d (webtiles) character file.

498 KoningWillie the Slasher (level 6, -15/56 HPs)
             Began as a Minotaur Fighter on Oct 30, 2017.
             Killed from afar by Britaniac's ghost (25 damage)
             ... with a flame tongue
             ... on level 5 of the Dungeon.
             The game lasted 00:09:40 (5054 turns).

KoningWillie the Slasher (Minotaur Fighter)         Turns: 5054, Time: 00:09:41

Health: -15/56     AC: 12    Str: 22    XL:     6   Next: 94%
Magic:  5/5        EV: 10    Int:  5    God:
Gold:   167        SH:  0    Dex: 10    Spells: 5/5 levels left

rFire    . . .     SeeInvis .   u - +0 battleaxe
rCold    . . .     Gourm    .   (shield currently unavailable)
rNeg     + . .     Faith    .   t - +0 pearl dragon scales
rPois    .         Spirit   .   (helmet restricted)
rElec    .         Reflect  .   (no cloak)
rCorr    .         Harm     .   (no gloves)
MR       .....                  (no boots)
Stlth    ..........             (no amulet)
Regen    0.2/turn               (no ring)
MPRegen  0.1/turn               (no ring)

@: no status effects
A: retaliatory headbutt, horns 2
a: no special abilities


You were on level 5 of the Dungeon.
You were not hungry.

You visited 1 branch of the dungeon, and saw 5 of its levels.

You collected 167 gold pieces.

Inventory:

Hand Weapons
 u - a +0 battleaxe (weapon)
Armour
 b - a +0 scale mail
 t - +0 pearl dragon scales (worn)
Jewellery
 o - a +3 ring of protection {unknown}
Scrolls
 a - a scroll of fog
 c - a scroll of amnesia {unknown}
 e - 2 scrolls of identify
 h - a scroll of enchant weapon
 i - a scroll of blinking
 q - 2 scrolls of remove curse
Potions
 d - 3 potions of might
 j - 3 potions of flight
 l - a potion of curing {unknown}
 m - a potion of lignification {unknown}
 n - a potion of brilliance {unknown}
 p - a potion of magic {unknown}
Books
 r - a book of Air

   Spells                             Type                      Level
   a - Shock                          Conjuration/Air              1
   b - Swiftness                      Charms/Air                   2
   c - Static Discharge               Conjuration/Air              3
   d - Airstrike                      Air                          4
   e - Lightning Bolt                 Conjuration/Air              5
Comestibles
 f - 3 bread rations
 g - 5 royal jellies
 k - 4 fruits


   Skills:
 + Level 5.1 Fighting
   Level 5.6 Long Blades
 * Level 1.2 Axes
 + Level 5.1 Armour
 + Level 1.4 Dodging
 + Level 0.6 Stealth
   Level 5.2 Shields


You had 5 spell levels left.
You didn't know any spells.

Dungeon Overview and Level Annotations

Branches:
Dungeon (5/15)
 Temple: D:4-7

Altars:
Cheibriados

Annotations:
D:5 Britaniac's ghost, novice DsFE


Innate Abilities, Weirdness & Mutations

You reflexively headbutt those who attack you in melee.
You have a pair of horns on your head.


Message History

You closely miss Britaniac's ghost. Your headbutt misses Britaniac's ghost.
Britaniac's ghost grins evilly.
Britaniac's ghost gestures at you while chanting.
The flame tongue hits you!
Britaniac's ghost hits you but does no damage.
You slash Britaniac's ghost!
Britaniac's ghost is lightly damaged.
Britaniac's ghost hits you but does no damage.
You barely miss Britaniac's ghost.
Britaniac's ghost is lightly damaged.
Britaniac's ghost points at you and mumbles some strange words.
The flame tongue hits you!
* * * LOW HITPOINT WARNING * * *
Britaniac's ghost closely misses you.
You barely miss Britaniac's ghost. Your headbutt misses Britaniac's ghost.
Britaniac's ghost is lightly damaged.
Britaniac's ghost hits you but does no damage.
Britaniac's ghost points at you and mumbles some strange words.
The flame tongue hits you!
You die...

..#####.##.##
...........# ###
.######.#### #..
#.# #(# #.#
###.##########.#
#.............(#
#.#.############
#@# #W# #.# #.#
#(# #.# ... ..#


You could see Britaniac's ghost.

Vanquished Creatures
  A howler monkey (D:4)
  A hound (D:5)
  3 orc wizards (D:3)
  Natasha (thrice) (D:3)
  A worker ant (D:3)
  Robin (D:3)
  10 adders
  An ooze (D:3)
  5 worms
  5 dart slugs
  2 leopard geckos
  10 orcs
  4 ball pythons
  13 giant cockroaches
  11 goblins
  16 hobgoblins
  7 jackals
  4 bats
  3 frilled lizards
  A jackal skeleton (D:4)
  6 kobolds
  10 rats
118 creatures vanquished.

Notes
Turn   | Place    | Note
-------+----------+-------------------------------------------
     0 | D:1      | KoningWillie the Minotaur Fighter began the quest for the Orb.
     0 | D:1      | Reached XP level 1. HP: 19/19 MP: 0/0
   121 | D:1      | Reached XP level 2. HP: 27/27 MP: 1/1
   635 | D:1      | Reached XP level 3. HP: 33/33 MP: 2/2
  1430 | D:2      | Reached XP level 4. HP: 40/40 MP: 3/3
  2322 | D:3      | Noticed Natasha
  2330 | D:3      | Killed Natasha
  2330 | D:3      | Reached skill level 1 in Dodging
  2330 | D:3      | Reached XP level 5. HP: 39/47 MP: 4/4
  2433 | D:3      | Reached skill level 5 in Long Blades
  2660 | D:3      | Noticed Natasha
  2673 | D:3      | Killed Natasha
  2866 | D:3      | Reached XP level 6. HP: 49/53 MP: 5/5
  2917 | D:3      | Reached skill level 5 in Shields
  2977 | D:3      | Noticed Robin
  3028 | D:3      | Killed Robin
  3042 | D:3      | Noticed Natasha
  3053 | D:3      | Killed Natasha
  4515 | D:4      | Reached skill level 5 in Fighting
  4515 | D:4      | Reached skill level 1 in Axes
  4515 | D:4      | Reached skill level 5 in Armour
  4880 | D:5      | Entered Level 5 of the Dungeon
  4936 | D:5      | Found a snail-covered altar of Cheibriados.
  5043 | D:5      | Noticed Britaniac's ghost (novice DsFE)
  5054 | D:5      | Killed from afar by Britaniac's ghost

Skill      XL: |  1  2  3  4  5  6 |
---------------+-------------------+-----
Shields        | 4 5 |  5.2
Fighting       | 4 5 |  5.1
Long Blades    | 3 4 5 |  5.6
Armour         | 4 5 |  5.1
Dodging        | 1 |  1.4
Axes           | 1 |  1.2
Stealth        | |  0.6

Action                   |  1- 3 |  4- 6 || total
-------------------------+-------+-------++-------
Melee: Long sword        |    96 |   239 ||   335
       Headbutt          |    15 |    37 ||    52
       Battleaxe         |       |    35 ||    35
  Use: Scroll            |       |     6 ||     6
  Eat: Chunk             |     2 |       ||     2
       Meat ration       |       |     3 ||     3
Armor: Scale mail        |    50 |    82 ||   132
       Pearl dragon scal |       |    28 ||    28
Dodge: Dodged            |    27 |    75 ||   102
Block: Shield            |    68 |   127 ||   195
       Rpst.: Long sword |     5 |    15 ||    20
